 Dungeon Crawl Stone Soup version 0.21.1-1-g345015f (webtiles) character file.

110 prawnwizard the Stinger (level 4, -6/27 HPs)
             Began as an Octopode Venom Mage on July 3, 2018.
             Killed from afar by prawnwizard's ghost (10 damage)
             ... with a magic dart
             ... on level 3 of the Dungeon.
             The game lasted 00:14:09 (3513 turns).

prawnwizard the Stinger (Octopode Venom Mage)       Turns: 3513, Time: 00:14:10

Health: -6/27      AC:  1    Str:  7    XL:     4   Next: 91%
Magic:  7/7        EV: 13    Int: 18    God:
Gold:   145        SH:  0    Dex: 12    Spells: 2/8 levels left

rFire    . . .     SeeInvis .   h - +0 dagger
rCold    . . .     Gourm    .   (no shield)
rNeg     . . .     Faith    .   (helmet restricted)
rPois    .         Spirit   .   (no amulet)
rElec    .         Reflect  .   (no ring)
rCorr    .         Harm     .   (no ring)
MR       .....                  (no ring)
Stlth    +++.......             (no ring)
HPRegen  0.09/turn              (no ring)
MPRegen  0.10/turn              (no ring)
                                (no ring)
                                (no ring)

@: no status effects
A: almost no armour, stealthy swim, amphibious, 8 rings, constrict 8, camouflage
1, gelatinous body 1
a: no special abilities


You were on level 3 of the Dungeon.
You were not hungry.

You visited 1 branch of the dungeon, and saw 3 of its levels.

You collected 145 gold pieces.

Inventory:

Hand Weapons
 h - a +0 dagger (weapon)
Wands
 l - a wand of random effects (22)
Scrolls
 d - a scroll of identify {unknown}
 f - a scroll of amnesia {unknown}
 g - a scroll of random uselessness {unknown}
 i - a scroll of noise {unknown}
 j - a scroll of enchant weapon {unknown}
 m - a scroll of fog {unknown}
Potions
 c - 2 potions of heal wounds {unknown}
 e - a potion of haste {unknown}
 k - 2 potions of curing {unknown}
Books
 a - a Young Poisoner's Handbook

   Spells                             Type                      Level
   a - Sting                          Conjuration/Poison           1
   b - Poisonous Vapours              Poison/Air                   2
   c - Mephitic Cloud                 Conjuration/Poison/Air       3
   d - Olgreb's Toxic Radiance        Poison                       4
   e - Venom Bolt                     Conjuration/Poison           5
Comestibles
 b - 6 rations


   Skills:
 - Level 2.1 Dodging
 + Level 3.6 Stealth
 + Level 2.6 Spellcasting
 + Level 2.0 Conjurations
 * Level 5.1 Poison Magic


You had 2 spell levels left.
You knew the following spells:

 Your Spells              Type           Power        Failure   Level  Hunger
a - Sting                 Conj/Pois      ###.         3%          1    #......
b - Poisonous Vapours     Pois/Air       ##....       9%          2    ##.....
c - Mephitic Cloud        Conj/Pois/Air  ##......     19%         3    ###....


Dungeon Overview and Level Annotations

Branches:
Dungeon (3/15)

Altars:
Okawaru
Qazlal
Uskayaw
Wu Jian
The Shining One

Annotations:
D:3 prawnwizard's ghost, amateur GnWz


Innate Abilities, Weirdness & Mutations

You cannot wear most types of armour.
You are very stealthy in the water. (Stealth+)
You are amphibious.
You can wear up to eight rings at the same time.
You can use your tentacles to constrict eight enemies at once.
Your skin changes colour to match your surroundings (Stealth+).
Your rubbery body absorbs attacks. (AC +1, EV +1)


Message History

Prawnwizard's ghost blinks!
The crimson imp summons a swarm of flies.
The crimson imp blinks!
The crimson imp blinks!
The crimson imp puffs mist at you.
Prawnwizard's ghost says, "You will never get the ORB!"
The crimson imp blinks!
The crimson imp blinks!
Prawnwizard's ghost hits you but does no damage.
Prawnwizard's ghost closely misses you. The crimson imp closely misses you.
The crimson imp blinks!
Prawnwizard's ghost gestures wildly while chanting.
Prawnwizard's ghost blinks!
The crimson imp blinks!
The crimson imp blinks! x2
Prawnwizard's ghost closely misses you.
The crimson imp disappears in a puff of smoke!
Prawnwizard's ghost gestures at you while chanting.
The magic dart hits you!
You die...

#..≈≈≈≈≈≈≈†≈.≈.#
#..#...
#.≈≈≈≈≈≈≈≈≈≈≈..#
#..#...
#.≈≈≈≈≈≈≈≈≈≈...#
....
#..≈≈≈♣.≈≈≈≈.≈######
...
#..≈≈≈♣_.≈≈≈≈.......
...
#..≈≈≈≈..≈≈≈........
...
#..≈≈≈≈≈≈≈≈≈≈.......
...
#.≈≈≈≈≈5≈≈≈≈........
...
#..≈≈≈≈§≈≈W≈@..)....
###
#...≈.≈...≈5≈.......
#.≈≈≈.≈.≈...≈≈......
##########..........
#.........$
###########


You could see prawnwizard's ghost and 2 crimson imps.

Vanquished Creatures
  2 adders (D:3)
  2 worms (D:2)
  2 dart slugs
  2 leopard geckos
  5 orcs
  7 bats
  2 giant cockroaches
  6 goblins
  11 hobgoblins
  16 jackals
  2 ball pythons
  2 frilled lizards (D:2)
  4 kobolds
  3 rats (D:2)
66 creatures vanquished.

Notes
Turn   | Place    | Note
-------+----------+-------------------------------------------
     0 | D:1      | prawnwizard the Octopode Venom Mage began the quest for the Orb.
     0 | D:1      | Reached XP level 1. HP: 11/11 MP: 3/3
   107 | D:1      | Reached skill level 4 in Poison Magic
   107 | D:1      | Reached XP level 2. HP: 17/17 MP: 0/5
   111 | D:1      | Learned a level 2 spell: Poisonous Vapours
   911 | D:1      | Reached XP level 3. HP: 21/21 MP: 1/6
  1340 | D:2      | Found an ornate altar of the Wu Jian Council.
  1340 | D:2      | Found a hide-covered altar of Uskayaw.
  1439 | D:2      | Found a stormy altar of Qazlal.
  1698 | D:2      | Learned a level 3 spell: Mephitic Cloud
  2211 | D:2      | Reached XP level 4. HP: 27/27 MP: 4/7
  2412 | D:2      | Found an iron altar of Okawaru.
  2813 | D:3      | Noticed prawnwizard's ghost (amateur GnWz)
  2991 | D:2      | Reached skill level 5 in Poison Magic
  3210 | D:3      | Found a faded altar of an unknown god.
  3469 | D:3      | Found a glowing golden altar of the Shining One.
  3513 | D:3      | Killed from afar by prawnwizard's ghost

Skill      XL: |  1  2  3  4 |
---------------+-------------+-----
Poison Magic   | 4 5 |  5.1
Stealth        | 3 |  3.6
Conjurations   | 2 |  2.0
Dodging        | |  2.1
Spellcasting   | |  2.6

Action                   |  1- 3 |  4- 6 || total
-------------------------+-------+-------++-------
Melee: Unarmed           |     6 |       ||     6
       Constrict         |    12 |     4 ||    16
       Dagger            |    35 |    23 ||    58
       Tentacles         |     6 |     4 ||    10
 Cast: Sting             |    68 |    39 ||   107
       Poisonous Vapours |     2 |     5 ||     7
 Stab: Sleeping          |       |     2 ||     2
  Eat: Chunk             |     5 |     4 ||     9
Armor: Skin              |     4 |     3 ||     7
Dodge: Dodged            |    41 |    21 ||    62
